 Dungeon Crawl Stone Soup version 0.28.0-53-g5a82cb258f (webtiles) character file.

Game seed: 1425304487626322375

3 ILmort the Digger (level 1, 0/10 HPs)
             Began as a Gargoyle Earth Elementalist on Aug 13, 2022.
             Slain by a quokka (4 damage)
             ... on level 1 of the Dungeon.
             The game lasted 00:00:45 (27 turns).

ILmort the Digger (Gargoyle Earth Elementalist)       Turns: 27, Time: 00:00:46

Health: 0/10       AC:  4    Str: 11    XL:     1   Next: 50%
Magic:  1/3        EV: 11    Int: 15    God:
Gold:   0          SH:  0    Dex: 10    Spells: 3/4 levels left

rFire   . . .      SeeInvis .   a - +0 club
rCold   . . .      Faith    .   (no shield)
rNeg    + . .      Spirit   .   b - +0 robe
rPois   ∞          Reflect  .   (no helmet)
rElec   +          Harm     .   (no cloak)
rCorr   .          Rampage  .   (no gloves)
Will    .....                   (no boots)
Stlth   ++........              (no amulet)
HPRegen 0.03/turn               (no ring)
MPRegen 0.08/turn               (no ring)

@: no status effects
A: sickness immunity, AC +2, negative energy resistance 1, electricity
resistance, torment resistance 1, petrification resistance
a: no special abilities


You were on level 1 of the Dungeon.
You visited 1 branch of the dungeon, and saw 1 of its levels.

Inventory:

Hand Weapons
 a - a +0 club (weapon)
Missiles
 c - 27 stones
Armour
 b - a +0 robe (worn)


   Skills:
 - Level 1.5 Dodging
 - Level 2.1 Stealth
 + Level 2.1 Spellcasting
 - Level 0.7 Transmutations
 + Level 3.8 Earth Magic


You had 3 spell levels left.
You knew the following spells:

 Your Spells              Type           Power      Damage    Failure   Level
a - Sandblast             Erth           26%        2d8       4%          1

Your spell library contained the following spells:

 Spells                   Type           Power      Damage    Failure   Level
 Passwall                 Tmut/Erth      6%         N/A       13%         2
 Stone Arrow              Conj/Erth      14%        3d7       30%         3
 Petrify                  Tmut/Erth      8%         N/A       65%         4


Dungeon Overview and Level Annotations

Branches:
Dungeon (1/15)

Altars:

Shops:
D:1 [


Innate Abilities, Weirdness & Mutations

You are immune to sickness and miasma.
Your stone body is resilient. (AC +2)
You are immune to poison.
You resist negative energy. (rN+)
You are resistant to electric shocks. (rElec)
You are resistant to unholy torment.
You are immune to petrification.


Message History

Aiming: Sandblast (safe; 4% risk of failure)
Aim: a goblin, wielding a +0 club (74% to hit)
The blast of sand hits the goblin!
You kill the goblin!
Casting: Sandblast (safe; 4% risk of failure)
Aiming: Sandblast (safe; 4% risk of failure)
Okay, then.
Casting: Sandblast (safe; 4% risk of failure)
Aiming: Sandblast (safe; 4% risk of failure)
Aim: an endoplasm (98% to hit)
The blast of sand hits the endoplasm!
You kill the endoplasm!
A quokka comes into view.
Found 9 gold pieces.
Found a fuming yellow potion.
Casting: Sandblast (safe; 4% risk of failure)
Aiming: Sandblast (safe; 4% risk of failure)
Aim: a rat (79% to hit)
The blast of sand hits the rat!
You kill the rat!
Casting: Sandblast (safe; 4% risk of failure)
You don't have enough magic to cast this spell.
The quokka misses you.
Things that are here:
a +0 club; a rat corpse
a - a +0 club (weapon)
The quokka twitches its whiskers.
The quokka closely misses you.
You hit the quokka. The quokka closely misses you.
You barely miss the quokka. The quokka misses you. The quokka bites you.
You hit the quokka.
The quokka bites you but does no damage.
The quokka completely misses you.
You barely miss the quokka. The quokka bites you.
You completely miss the quokka.
The quokka bites you but does no damage.
The quokka closely misses you.
You barely miss the quokka. The quokka bites you.
You miss the quokka. The quokka closely misses you. The quokka bites you.
You die...

#... .# ####...###.#
##..##..#...#.
###+#####..§.#........
#.....###.§§.#........
#.....#8#.§§§§§.......
+..<..'.'..§#§§.......
#..>..#8#..§§'....∩...
#.....###....#@.......
###+#####....#r.......
##..##........
#####....♣♣.$ #....♣ .
...... ..!....
#.......


You could see a quokka.

Vanquished Creatures
  An endoplasm (D:1)
  A goblin (D:1)
  A rat (D:1)
3 creatures vanquished.

Notes
Turn   | Place    | Note
-------+----------+-------------------------------------------
     0 | D:1      | ILmort the Gargoyle Earth Elementalist began the quest for
                  | the Orb.
     0 | D:1      | Reached XP level 1. HP: 10/10 MP: 3/3
    11 | D:1      | Found Amuklug's Antique Armour Shop.
    27 | D:1      | Slain by a quokka

Illustrated notes

Levels and vault maps discovered:
D:1:      shiori_arrival_elements, layout_rooms, serial_forest,
          infiniplex_forest_straight_2, infiniplex_forest_lined_2,
          infiniplex_forest_straight_4, infiniplex_forest_straight_2,
          infiniplex_forest_straight_4, infiniplex_forest_clump_long,
          infiniplex_forest_clump_long, infiniplex_forest_lined_3,
          infiniplex_forest_clump_small, serial_shops, shop,
          chequers_mini_garden, minmay_misc_feat_encased

Action                   || total
-------------------------++-------
Melee: Club              ||     7
 Cast: Sandblast         ||     3
Armor: Robe              ||     2
Dodge: Dodged            ||     7
